 Dungeon Crawl Stone Soup version 0.29.1-15-g9cfb28693d (webtiles) character file.

Game seed: 15999285780885326725

44 BlackCrag the Magician (level 3, -1/19 HPs)
             Began as a Deep Elf Earth Elementalist on Mar 16, 2023.
             Slain by a goblin
             ... wielding a +0 club
             ... led by Robin
              (5 damage)
             ... on level 2 of the Dungeon.
             The game lasted 00:05:35 (1635 turns).

BlackCrag the Magician (DEEE)                       Turns: 1635, Time: 00:05:36

Health: -1/19      AC:  2    Str:  5    XL:     3   Next: 39%
Magic:  8/10       EV: 12    Int: 21    God:
Gold:   64         SH:  0    Dex: 15    Spells: 4/10 levels left

rFire   . . .      SeeInvis .   (no weapon)
rCold   . . .      Faith    .   (no shield)
rNeg    . . .      Spirit   .   a - +0 robe
rPois   .          Reflect  .   (no helmet)
rElec   .          Harm     .   (no cloak)
rCorr   .          Rampage  .   (no gloves)
Will    .....                   (no boots)
Stlth   ++........              (no amulet)
HPRegen 0.06/turn               k - ring of wizardry
MPRegen 0.12/turn               (no ring)

@: no status effects
A: no striking features
a: no special abilities


You were on level 2 of the Dungeon.
You visited 1 branch of the dungeon, and saw 2 of its levels.

You collected 64 gold pieces.

Inventory:

Armour
 a - a +0 robe (worn)
 p - the -2 hat of the Alchemist {rElec rPois rF+ rC+ rN+ Will+ rMut rCorr}
   (You found it on level 2 of the Dungeon)

   rF:        It protects you from fire.
   rC:        It protects you from cold.
   rElec:     It insulates you from electricity.
   rPois:     It protects you from poison.
   rN:        It protects you from negative energy.
   rCorr:     It protects you from acid and corrosion.
   rMut:      It protects you from mutation.
   Will:      It increases your willpower.
Jewellery
 k - a ring of wizardry (left hand)
Scrolls
 c - a scroll of amnesia {unknown}
 d - a scroll of butterflies {unknown}
 e - a scroll of magic mapping {unknown}
 f - 2 scrolls of teleportation {unknown}
 i - a scroll of identify {unknown}
 j - a scroll of summoning {unknown}
 n - 2 scrolls of poison {unknown}
 o - a scroll of enchant weapon {unknown}
 q - a scroll of enchant armour {unknown}
Potions
 b - a potion of magic
 g - a potion of flight {unknown}
 h - a potion of mutation {unknown}
 l - 2 potions of curing {unknown}
 m - 2 potions of degeneration {unknown}


   Skills:
 + Level 2.4 Dodging
 + Level 2.7 Stealth
 + Level 4.2 Spellcasting
 + Level 1.3 Transmutations
 + Level 4.0 Earth Magic


You had 4 spell levels left.
You knew the following spells:

 Your Spells              Type           Power      Damage    Failure   Level
a - Sandblast             Erth           42%        2d11      1%          1
b - Passwall              Tmut/Erth      12%        N/A       2%          2
c - Stone Arrow           Conj/Erth      24%        3d8       6%          3

Your spell library contained the following spells:

 Spells                   Type           Power      Damage    Failure   Level
 Scorch                   Fire           8%         2d5       8%          2
 Confusing Touch          Hex            4%         N/A       14%         3
 Petrify                  Tmut/Erth      15%        N/A       16%         4
 Flame Wave               Conj/Fire      4%         2d5       41%         4
 Yara's Violent Unravell  Hex/Tmut       3%         3d4       65%         5
 Summon Cactus Giant      Summ           2%         N/A       99%         6
 Enfeeble                 Hex            2%         N/A       100%        7


Dungeon Overview and Level Annotations

Branches:
Dungeon (2/15)

Altars:
Zin

Annotations:
D:2 Robin


Message History

The hobgoblin shouts!
You hear a shout!
The goblin shouts!
Casting: Sandblast (safe; 1% risk of failure)
Confirm with . or Enter, or press ? or * to list all spells.
Aiming: Sandblast (safe; 1% risk of failure)
Press: ? - help, Shift-Dir - straight line, f - goblin
Aim: a goblin, wielding a +0 club (79% to hit)
The blast of sand hits the goblin!
You kill the goblin!
Robin throws the goblin at you! The goblin closely misses you.
A goblin comes into view. It is wielding a +0 dagger.
Casting: Sandblast (safe; 1% risk of failure)
Confirm with . or Enter, or press ? or * to list all spells.
Aiming: Sandblast (safe; 1% risk of failure)
Press: ? - help, Shift-Dir - straight line, f - goblin
Aim: a goblin, wielding a +0 dagger (79% to hit)
The blast of sand hits the goblin!!
You kill the goblin!
The goblin hits you with a +0 club. Robin throws the goblin at you!
A hobgoblin comes into view.
The goblin closely misses you. The goblin misses you.
Casting: Sandblast (safe; 1% risk of failure)
Confirm with . or Enter, or press ? or * to list all spells.
Aiming: Sandblast (safe; 1% risk of failure)
Press: ? - help, Shift-Dir - straight line, f - goblin
Aim: a goblin, wielding a +0 dagger (79% to hit)
The blast of sand misses the goblin.
The goblin hits you but does no damage. The goblin hits you with a +0 club.
A hobgoblin comes into view.
The goblin barely misses you. Robin throws the goblin at you!
You hit the goblin.
The goblin is heavily wounded.
Robin roars a battlecry!
The goblins go into a battle-frenzy!
The goblin hits you but does no damage. The goblin closely misses you.
The goblin hits you but does no damage.
A goblin comes into view. It is wielding a +0 club.
The goblin attacks as you move away! The goblin hits you with a +0 club.
* * * LOW HITPOINT WARNING * * *
The goblin hits you with a +0 club.
You die...

#...).....#
#.........#
#.........# #
##.........# #.
#..........# #g.
#..........#
#g.g######..........#
+.gggg.g...>..#######
#...#gg@.......# #..
#....[.....# #.
#.......)..# # #
####.......# #
#.......# # #.......#
### # .. #.......###
#.. ####### #.#
####'##...# #.#
#.....#####.#
#.##...# #.#


You could see Robin, 3 hobgoblins and 6 goblins.

Vanquished Creatures
  An adder (D:2)
  3 ball pythons
  3 bats
  2 endoplasms (D:2)
  2 giant cockroaches
  8 goblins
  3 hobgoblins (D:2)
  2 quokkas (D:1)
  A frilled lizard (D:1)
  5 kobolds
  2 rats (D:1)
32 creatures vanquished.

Notes
Turn   | Place    | Note
-------+----------+-------------------------------------------
     0 | D:1      | BlackCrag the Deep Elf Earth Elementalist began the quest
                  | for the Orb.
     0 | D:1      | Reached XP level 1. HP: 10/10 MP: 6/6
    64 | D:1      | Found a faded altar of an unknown god.
   267 | D:1      | Reached XP level 2. HP: 15/15 MP: 6/8
   271 | D:1      | Learned a level 2 spell: Passwall
  1210 | D:2      | Reached XP level 3. HP: 19/19 MP: 5/10
  1214 | D:2      | Learned a level 3 spell: Stone Arrow
  1262 | D:2      | Found the -2 hat of the Alchemist {rElec rPois rF+ rC+ rN+
                  | Will+ rMut rCorr}
  1509 | D:2      | Found a glowing silver altar of Zin.
  1629 | D:2      | Noticed Robin
  1635 | D:2      | Slain by a goblin

Illustrated notes

Levels and vault maps discovered:
D:1:      dpeg_arrival_concentric_ovals, layout_basic,
          ebering_ecumenical_altar_rust, due_unseen_surprise
D:2:      kennysheep_six_static_rooms, layout_basic, basic_altar, uniq_natasha,
          uniq_robin

Skill      XL: |  1  2  3 |
---------------+----------+-----
Spellcasting   | 4 |  4.2
Earth Magic    | 4 |  4.0
Dodging        | |  2.4
Stealth        | |  2.7
Transmutations | |  1.3

Action                   || total
-------------------------++-------
Melee: Unarmed           ||     1
 Cast: Sandblast         ||    38
       Passwall          ||     4
Armor: Robe              ||     4
Dodge: Dodged            ||     8
